 Dungeon Crawl Stone Soup version 0.26.1-11-gd32895ea62 (webtiles) character file.

Game seed: 7509125601569984403

58 Groucho the Sneak (level 3, 0/16 HPs)
             Began as a Spriggan Enchanter on July 28, 2021.
             Slain by Natasha (7 damage)
             ... on level 2 of the Dungeon.
             The game lasted 00:02:25 (2375 turns).

Groucho the Sneak (Spriggan Enchanter)              Turns: 2375, Time: 00:02:26

Health: 0/16       AC:  2    Str:  5    XL:     3   Next: 75%
Magic:  4/8        EV: 18    Int: 16    God:
Gold:   68         SH:  0    Dex: 16    Spells: 2/8 levels left

rFire    . . .     SeeInvis +   a - +1 dagger
rCold    . . .     Faith    .   (shield restricted)
rNeg     . . .     Spirit   .   b - +0 robe
rPois    .         Reflect  .   (helmet restricted)
rElec    .         Harm     .   (no cloak)
rCorr    .         Rampage  .   (gloves unavailable)
Will     .....                  (boots unavailable)
Stlth    +++.......             (no amulet)
HPRegen  0.05/turn              (no ring)
MPRegen  0.11/turn              (no ring)

@: very quick
A: very small, unfitting armour, see invisible, speed 3
a: no special abilities


You were on level 2 of the Dungeon.
You visited 1 branch of the dungeon, and saw 2 of its levels.

You collected 68 gold pieces.

Inventory:

Hand Weapons
 a - a +1 dagger (weapon)
Missiles
 c - 15 poisoned darts (quivered)
 i - 65 bolts
 j - 42 stones
 n - 22 arrows
Armour
 b - a +0 robe (worn)
Jewellery
 d - a cursed ring of teleportation {unknown}
Scrolls
 f - 3 scrolls of identify {unknown}
 g - 2 scrolls of remove curse {unknown}
 h - a scroll of teleportation {unknown}
 l - a scroll of magic mapping {unknown}
 m - a scroll of amnesia {unknown}
Potions
 e - a potion of curing {unknown}
 k - a potion of experience {unknown}
 o - a potion of flight {unknown}


   Skills:
 - Level 1.1 Short Blades
 - Level 3.0 Dodging
 * Level 6.0 Stealth
 + Level 3.4 Spellcasting
 + Level 4.2 Hexes


You had 2 spell levels left.
You knew the following spells:

 Your Spells              Type           Power        Failure   Level
a - Corona                Hex            17%          3%          1
b - Ensorcelled Hibernat  Hex/Ice        18%          12%         2
c - Confusing Touch       Hex            16%          10%         3

Your spell library contained the following spells:

 Spells                   Type           Power        Failure   Level
 Tukima's Dance           Hex            16%          10%         3
 Dazzling Flash           Conj/Hex       18%          22%         3


Dungeon Overview and Level Annotations

Branches:
Dungeon (2/15)

Altars:

Annotations:
D:2 Natasha


Innate Abilities, Weirdness & Mutations

You are very small and have problems with some larger weapons.
You are too small for most types of armour.
You have supernaturally acute eyesight. (SInv)
You cover ground extremely quickly.


Message History

Things that are here:
a cursed +0 club; a kobold corpse You start resting.
Magic restored.
You start resting.
Natasha is nearby!
Natasha is nearby!
Casting: Ensorcelled Hibernation (safe; 12% risk of failure)
Confirm with . or Enter, or press ? or * to list all spells.
Aiming: Ensorcelled Hibernation (safe; 12% risk of failure)
Press: ? - help, Shift-Dir - straight line, f - Natasha
Aim: Natasha (wandering, hasn't noticed you, chance to affect: 40%) Natasha hisses angrily.
Natasha resists with some effort.
Casting: Ensorcelled Hibernation (safe; 12% risk of failure)
Confirm with . or Enter, or press ? or * to list all spells.
Aiming: Ensorcelled Hibernation (safe; 12% risk of failure)
Press: ? - help, Shift-Dir - straight line, f/p - Natasha
Aim: Natasha (chance to affect: 40%) Natasha resists with some effort.
Natasha claws you!
You die...

#.......h..
#......... #........
#...... ####....
#).....# #####
#.<....#######......
#?..........@h...#
####.###########..#
#..# ##.# #.# #.# .
#.# .# ## #. #.####
###.# .##. #.)..#
#.... ...


You could see Natasha.

Vanquished Creatures
  Natasha (D:2)
  An adder (D:2)
  An ooze (D:1)
  2 leopard geckos (D:1)
  2 bats
  4 goblins
  4 hobgoblins
  A kobold (D:2)
  A frilled lizard (D:2)
17 creatures vanquished.

Notes
Turn   | Place    | Note
-------+----------+-------------------------------------------
     0 | D:1      | Groucho the Spriggan Enchanter began the quest for the Orb.
     0 | D:1      | Reached XP level 1. HP: 9/9 MP: 5/5
   261 | D:1      | Reached XP level 2. HP: 13/13 MP: 6/6
   307 | D:1      | Reached skill level 5 in Stealth
  1046 | D:2      | Noticed Natasha
  1050 | D:2      | Killed Natasha
  1051 | D:2      | Reached XP level 3. HP: 16/16 MP: 8/8
  1517 | D:1      | Learned a level 2 spell: Ensorcelled Hibernation
  1527 | D:1      | Learned a level 3 spell: Confusing Touch
  2144 | D:2      | Reached skill level 6 in Stealth
  2339 | D:2      | Noticed Natasha
  2375 | D:2      | Slain by Natasha

Illustrated notes

Levels and vault maps discovered:
D:1:      kennysheep_arrival_seaside, layout_basic
D:2:      layout_rooms, hex_tiny, uniq_natasha

Skill      XL: |  1  2  3 |
---------------+----------+-----
Stealth        | 5 6 |  6.0
Spellcasting   | 3 |  3.4
Hexes          | 4 |  4.2
Short Blades   | |  1.1
Dodging        | |  3.0

Action                   || total
-------------------------++-------
Melee: Dagger            ||    75
 Cast: Ensorcelled Hiber ||     5
 Stab: Sleeping          ||     8
Armor: Robe              ||     5
Dodge: Dodged            ||    54
